 Dungeon Sprint DCSS version 0.30.1-6-gbe392663c4 (webtiles) character file.

Game seed: 12448433764710658653

44565 Heoruswealwe the Minotaur Porcupine (level 13, -31/154 HPs)
             Began as a Minotaur Fighter on Sept 21, 2023.
             Was the Champion of the Shining One.
             Killed from afar by an ice dragon (35 damage)
             ... with a blast of cold
             ... in the Dungeon (Sprint IX: "|||||||||||||||||||||||||||||").
             The game lasted 00:36:44 (3881 turns).

Heoruswealwe the Minotaur Porcupine (MiFi)          Turns: 3881, Time: 00:36:44

Health: -31/154    AC: 33    Str: 26    XL:     13   Next: 96%
Magic:  18/18      EV:  9    Int:  5    God:    the Shining One [******]
Gold:   189        SH:  0    Dex: 10    Spells: 12/12 levels left

rFire   + . .        b - +2 halberd (venom)
rCold   . . .        (shield currently unavailable)
rNeg    + + +        c - +2 plate armour {rF+}
rPois   .            g - +2 hat
rElec   .            h - +0 cloak
rCorr   .            f - +0 pair of gloves
SInv    .            (no boots)
Will    .....        (no amulet) Stlth
                     k - +2 ring of protection
HPRegen 0.45/turn    j - +2 ring of protection
MPRegen 0.16/turn

%: no teleportation
@: glowing, studying Invocations
A: horns 2, retaliatory headbutt
a: Renounce Religion, Divine Shield, Cleansing Flame, Summon Divine Warrior,
Brand Weapon With Holy Wrath


You were in the Dungeon.
You worshipped the Shining One.
The Shining One was exalted by your worship.
You visited 1 branch You collected 1916 gold pieces.
You spent 1727 gold pieces at shops.

Inventory:

Hand Weapons
 a - a +0 trident
 b - a +2 halberd of venom (weapon)
 r - a +0 glaive
Armour
 c - a +2 plate armour of fire resistance (worn)
 d - a +0 buckler
 f - a +0 pair of gloves (worn)
 g - a +2 hat (worn)
 h - a +0 cloak (worn)
 s - the +1 chain mail of Wohylij {-Cast rPois rCorr Str+4}
   (You bought it in a shop in the Dungeon)

   Str:       It affects your strength (+4).
   rPois:     It protects you from poison.
   -Cast:     It prevents spellcasting.
   rCorr:     It protects you from acid and corrosion.
Jewellery
 j - a +2 ring of protection (right hand)
 k - a +2 ring of protection (left hand)
Wands
 m - a wand of light (10)
 n - a wand of digging (7)
Scrolls
 p - 5 scrolls of identify
 q - 6 scrolls of enchant armour
 v - 5 scrolls of enchant weapon
Potions
 o - a potion of mutation


   Skills:
 * Level 25.0 Fighting
 O Level 27 Polearms
 + Level 24.1 Armour
 - Level 3.6 Shields
 + Level 9.3 Invocations
 + Level 5.9 Evocations


You had 12 spell levels left.
You didn't know any spells.
Your spell library contained the following spells:

 Spells                   Type           Power      Damage    Failure   Level
 Freeze                   Ice            0%         1d3       90%         1
 Frozen Ramparts          Ice            0%         1d1       99%         3
 Hailstorm                Conj/Ice       0%         3d3       99%         3


Dungeon Overview and Level Annotations

Branches:
Dungeon (1/1)

Altars:
Cheibriados
Dithmenos
Elyvilon
Fedhas
Gozag
Hepliaklqana
Kikubaaqudgha
Makhleb
Nemelex Xobeh
Okawaru
Qazlal
Ru
Sif Muna
Trog
Uskayaw
Vehumet
Wu Jian
Xom
Yredelemnul
Zin
The Shining One
Jiyva
Lugonu

Shops:
D ?:*[


Innate Abilities, Weirdness & Mutations

You have a pair of horns on your head.
You reflexively headbutt those who attack you in melee.


Message History

You puncture the stone giant!
You kill the stone giant!
Your Fighting skill increases to level 25!
A deep troll shaman comes into view.
The deep troll shaman shouts!
The ice dragon closely misses you. The ice dragon barely misses you.
The ice dragon tramples you but does no damage.
The ice dragon breathes frost at you.
The blast of cold hits the ice dragon!
The ice dragon resists.
The blast of cold hits you.
* * * LOW HITPOINT WARNING * * *
Items here: ( ) [ ††.
You slice the ice dragon!!
The ice dragon is moderately wounded.
The deep troll shaman calls upon its god to speed up the deep troll earth mage.
The deep troll earth mage seems to speed up.
The ice dragon breathes frost at you. The blast of cold hits you!!
* * * LOW HITPOINT WARNING * * *
Okay, then.
Okay, then.
You impale the ice dragon!!
The ice dragon is heavily wounded.
The ice dragon bites you but does no damage.
The ice dragon claws you but does no damage.
The ice dragon tramples you but does no damage.
You barely miss the ice dragon. Your headbutt misses the ice dragon.
The ice dragon is heavily wounded.
You completely miss the ice dragon.
The ice dragon is heavily wounded.
The ice dragon bites you but does no damage.
The ice dragon claws you but does no damage.
The ice dragon tramples you!
* * * LOW HITPOINT WARNING * * *
You stumble backwards!
You completely miss the ice dragon.
The ice dragon is heavily wounded.
The ice dragon breathes frost at you. The blast of cold hits you!!
You die...

..[[[[[[[[.)))))))).===='........
▓▓▓▓▓▓▓▓▓▓▓▓▓▓▓▓▓▓▓▓▓▓▓▓▓▓▓▓▓▓▓▓▓
....................÷............
▓▓▓▓▓▓▓▓▓▓▓▓▓▓▓▓▓▓▓▓▓▓▓▓▓▓▓▓▓▓▓▓▓
)..p.†..†.p...÷).)'..............
▓▓▓▓▓▓▓▓▓▓▓▓▓▓▓▓▓▓▓▓▓▓▓▓▓▓▓▓▓▓▓▓▓
...÷.............................
▓▓▓▓▓▓▓▓▓▓▓▓▓▓▓▓▓▓▓▓▓▓▓▓▓▓▓▓▓▓▓▓▓
TTiC.CDD@................
▓▓▓▓▓▓▓▓▓▓▓▓▓▓▓▓▓▓▓▓▓▓▓▓▓


You could see 2 ice dragons, a stone giant, an ettin, a spriggan berserker
(regenerating, strong-willed) and a deep troll earth mage (fast).

Vanquished Creatures
  A lich (D)
  Kirke (D)
  A frost giant (D)
  A fire giant (D)
  Aizul (D)
  A ghost moth (D)
  3 stone giants (D)
  A spark wasp (D)
  A bunyip (D)
  An ettin (D)
  Snorg (D)
  A fire dragon (D)
  4 hydras (D)
  Erolcha (D)
  3 catoblepae (D)
  A salamander tyrant (D)
  A deep troll shaman (D)
  2 death knights (D)
  An alligator (D)
  3 death yaks (D)
  6 orc high priests (D)
  A hell knight (D)
  A skyshark (D)
  2 sea snakes (D)
  A naga ritualist (D)
  A spriggan druid (D)
  A bog body (D)
  3 steelbarb worms (D)
  An orc knight (D)
  A deep elf pyromancer (D)
  2 wolf spiders (D)
  A mana viper (D)
  An orc sorcerer (D)
  A will-o-the-wisp (D)
  3 ugly things (D)
  A manticore (D)
  A cyclops (D)
  3 black mambas (D)
  2 guardian serpents (D)
  A water nymph (D)
  2 merfolk sirens (D)
  An elephant (D)
  3 cane toads (D)
  A gargoyle (D)
  A torpor snail (D)
  2 komodo dragons (D)
  2 efreet (D)
  A merfolk (D)
  A tyrant leech (D)
  2 wind drakes (D)
  A blink frog (D)
  A shadow (D)
  A wraith (D)
  A culicivora (D)
  5 yaks (D)
  3 hogs (D)
  A yak (shapeshifter) (D)
  A fire bat (shapeshifter) (D)
  A wyvern (D)
  A redback (D)
  2 vampire mosquitoes (D)
  2 nagas (D)
  An acid dragon (D)
  A water moccasin (D)
  12 orc warriors (D)
  2 black bears (D)
  2 centaurs (D)
  A phantom (D)
  3 bullfrogs (D)
  9 orc priests (D)
  A hound (D)
  4 orc wizards (D)
  An adder (D)
  7 orcs (D)
  A bat (D)
  An endoplasm (D)
  A giant cockroach (D)
  2 rats (D)
149 creatures vanquished.

Vanquished Creatures (others)
  A yak (D)
  2 humans (D)
  5 foxfires (D)
8 creatures vanquished.

Grand Total: 157 creatures vanquished

Notes
Turn   | Place    | Note
-------+----------+-------------------------------------------
     0 | D        | Heoruswealwe the Minotaur Fighter began the quest for the
                  | Orb.
     0 | D        | Reached XP level 1. HP: 19/19 MP: 0/0
     9 | D        | Reached skill level 3 in Polearms
    21 | D        | Noticed a hound
    21 | D        | Noticed a phantom
    21 | D        | Noticed a black bear
    21 | D        | Noticed a black bear
    28 | D        | HP: 1/20 [black bear (2)]
    32 | D        | Killed a black bear
    33 | D        | Reached skill level 7 in Polearms
    33 | D        | Reached XP level 2. HP: 31/31 MP: 1/1
    33 | D        | Reached XP level 3. HP: 38/38 MP: 2/2
    33 | D        | Reached XP level 4. HP: 45/45 MP: 3/3
    34 | D        | Reached skill level 8 in Polearms
    37 | D        | Killed a black bear
    38 | D        | Reached skill level 9 in Polearms
    38 | D        | Reached XP level 5. HP: 53/53 MP: 4/4
    41 | D        | Killed a phantom
    42 | D        | Reached skill level 10 in Polearms
    42 | D        | Reached XP level 6. HP: 62/62 MP: 5/5
    44 | D        | Reached skill level 11 in Polearms
    50 | D        | Found a snail-covered altar of Cheibriados.
    50 | D        | Found a shadowy altar of Dithmenos.
    50 | D        | Found a white marble altar of Elyvilon.
    50 | D        | Found a blossoming altar of Fedhas.
    50 | D        | Found an opulent altar of Gozag.
    51 | D        | Found a hazy altar of Hepliaklqana.
    52 | D        | Found a viscous altar of Jiyva.
    53 | D        | Found an ancient bone altar of Kikubaaqudgha.
    54 | D        | Found a corrupted altar of Lugonu.
    55 | D        | Found a burning altar of Makhleb.
    56 | D        | Found a sparkling altar of Nemelex Xobeh.
    57 | D        | Found an iron altar of Okawaru.
    58 | D        | Found a stormy altar of Qazlal.
    59 | D        | Found a sacrificial altar of Ru.
    60 | D        | Found a shimmering blue altar of Sif Muna.
    61 | D        | Found a bloodstained altar of Trog.
    62 | D        | Found a hide-covered altar of Uskayaw.
    63 | D        | Found a radiant altar of Vehumet.
    64 | D        | Found an ornate altar of the Wu Jian Council.
    65 | D        | Found a shimmering altar of Xom.
    66 | D        | Found a basalt altar of Yredelemnul.
    67 | D        | Found a glowing silver altar of Zin.
    68 | D        | Found a glowing golden altar of the Shining One.
    76 | D        | Became a worshipper of the Shining One
   130 | D        | Noticed an acid dragon
   130 | D        | Noticed an orc warrior
   130 | D        | Noticed a yak
   130 | D        | Reached * piety under the Shining One
   130 | D        | Noticed a shadow
   136 | D        | Killed a shadow
   136 | D        | Reached ** piety under the Shining One
   137 | D        | Reached skill level 12 in Polearms
   137 | D        | Reached XP level 7. HP: 69/71 MP: 6/6
   141 | D        | Killed a yak
   142 | D        | Reached skill level 10 in Fighting
   142 | D        | Reached skill level 13 in Polearms
   142 | D        | Reached skill level 10 in Armour
   147 | D        | Reached skill level 14 in Polearms
   170 | D        | Noticed a cyclops
   170 | D        | Noticed a gargoyle
   170 | D        | Noticed a vampire mosquito
   170 | D        | Noticed a wraith
   170 | D        | Reached *** piety under the Shining One
   170 | D        | Noticed a deep elf pyromancer
   174 | D        | Noticed a fire elemental
   176 | D        | Killed a deep elf pyromancer
   177 | D        | Reached skill level 15 in Polearms
   177 | D        | Reached XP level 8. HP: 66/83 MP: 7/7
   182 | D        | Reached **** piety under the Shining One
   183 | D        | Reached skill level 16 in Polearms
   185 | D        | Killed a gargoyle
   191 | D        | Reached XP level 9. HP: 54/92 MP: 8/8
   194 | D        | Killed a cyclops
   195 | D        | Reached skill level 17 in Polearms
   402 | D        | Noticed a komodo dragon
   402 | D        | Noticed a cane toad
   402 | D        | Noticed a cane toad
   402 | D        | Noticed a black mamba
   407 | D        | Reached ***** piety under the Shining One
   411 | D        | Killed a black mamba
   412 | D        | Reached skill level 18 in Polearms
   414 | D        | Killed a cane toad
   416 | D        | Noticed an elephant
   419 | D        | Killed a cane toad
   424 | D        | Killed a komodo dragon
   425 | D        | Reached skill level 19 in Polearms
   430 | D        | Reached XP level 10. HP: 38/104 MP: 9/9
   434 | D        | Killed an elephant
   634 | D        | Noticed a catoblepas
   634 | D        | Noticed a six-headed hydra
   634 | D        | Noticed a skyshark
   636 | D        | Noticed a death yak
   647 | D        | Killed a skyshark
   648 | D        | Reached skill level 15 in Fighting
   648 | D        | Reached skill level 20 in Polearms
   648 | D        | Reached skill level 15 in Armour
   655 | D        | Noticed a cane toad
   703 | D        | Killed a 19-headed hydra
   706 | D        | Killed a catoblepas
   709 | D        | Killed a death yak
   710 | D        | Reached skill level 21 in Polearms
   721 | D        | Killed a cane toad
   884 | D        | Noticed a catoblepas
   884 | D        | Reached ****** piety under the Shining One
   884 | D        | Noticed a death yak
   884 | D        | Noticed a catoblepas
   887 | D        | Noticed a death yak
   896 | D        | Killed a catoblepas
   897 | D        | Reached XP level 11. HP: 66/115 MP: 10/10
   900 | D        | Killed a death yak
   901 | D        | Reached skill level 22 in Polearms
   927 | D        | Killed a catoblepas
   944 | D        | Killed a death yak
  1201 | D        | Noticed Erolcha
  1211 | D        | Killed Erolcha
  1212 | D        | Reached skill level 23 in Polearms
  1351 | D        | Noticed an orc sorcerer
  1355 | D        | Killed an orc sorcerer
  1373 | D        | Noticed an orc knight
  1388 | D        | HP: 2/118 [orc priest/divine providence (12)]
  1396 | D        | Killed an orc knight
  1587 | D        | Found Mippih's Antique Armour Boutique.
  1587 | D        | Noticed an orc high priest
  1587 | D        | Noticed an orc high priest
  1588 | D        | Noticed an orc high priest
  1594 | D        | Killed an orc high priest
  1595 | D        | Reached skill level 24 in Polearms
  1597 | D        | Found Lexka's Assorted Antiques.
  1597 | D        | Noticed a soul eater
  1605 | D        | Killed an orc high priest
  1606 | D        | Found Ycsogruf's Book Boutique.
  1606 | D        | Noticed an orc high priest
  1614 | D        | Killed an orc high priest
  1616 | D        | Noticed an orc high priest
  1632 | D        | Killed an orc high priest
  1634 | D        | Killed an orc high priest
  1635 | D        | Reached XP level 12. HP: 60/128 MP: 11/11
  1656 | D        | Found Fyluxos's Magic Scroll Shop.
  1661 | D        | Noticed an orc high priest
  1669 | D        | Killed an orc high priest
  1670 | D        | Reached skill level 25 in Polearms
  1693 | D        | Bought a scroll labelled WIAMULE NUNTEW for 21 gold pieces
  1693 | D        | Bought a green potion for 18 gold pieces
  1693 | D        | Bought a scroll labelled OCSOAN QIMPE for 21 gold pieces
  1695 | D        | Bought a glowing plate armour for 806 gold pieces
  1695 | D        | Bought a glowing hat for 217 gold pieces
  1701 | D        | Bought a scroll of identify for 20 gold pieces
  1701 | D        | Bought a scroll of identify for 20 gold pieces
  1701 | D        | Bought a scroll of identify for 20 gold pieces
  1701 | D        | Bought a scroll of identify for 20 gold pieces
  1701 | D        | Bought a scroll of enchant weapon for 75 gold pieces
  1793 | D        | Bought a scroll of identify for 42 gold pieces
  1793 | D        | Bought a scroll of identify for 42 gold pieces
  1793 | D        | Bought a fluorescent wand for 84 gold pieces
  1793 | D        | Bought a scroll of identify for 42 gold pieces
  1793 | D        | Bought a crude chain mail for 199 gold pieces
  1793 | D        | Identified the +1 chain mail of Wohylij {-Cast rPois rCorr
                  | Str+4} (You bought it in a shop in the Dungeon)
  1797 | D        | Bought a scroll of fear for 40 gold pieces
  1797 | D        | Bought a scroll of vulnerability for 40 gold pieces
  1932 | D        | Noticed a death knight
  1932 | D        | Noticed a death knight
  1954 | D        | Killed a death knight
  1955 | D        | Noticed a frost giant
  1962 | D        | Killed a death knight
  1974 | D        | Killed a frost giant
  1975 | D        | Reached skill level 26 in Polearms
  1982 | D        | Noticed a deep troll shaman
  1984 | D        | Noticed an ettin
  1988 | D        | Noticed a stone giant
  1993 | D        | Killed a deep troll shaman
  1998 | D        | Killed an ettin
  2006 | D        | Killed a stone giant
  2320 | D        | Noticed Kirke
  2459 | D        | Killed Kirke
  2460 | D        | Reached skill level 27 in Polearms
  2691 | D        | Reached XP level 13. HP: 15/143 MP: 12/12
  2935 | D        | Noticed a ghost moth
  2935 | D        | Noticed a spark wasp
  2955 | D        | Killed a spark wasp
  2963 | D        | Killed a ghost moth
  3252 | D        | Acquired a manual of Invocations
  3267 | D        | Reached skill level 1 in Evocations
  3271 | D        | Noticed a bunyip
  3286 | D        | Killed a bunyip
  3287 | D        | Reached skill level 5 in Invocations
  3414 | D        | Noticed Snorg
  3424 | D        | Killed Snorg
  3452 | D        | Noticed Aizul
  3462 | D        | Killed Aizul
  3830 | D        | Noticed a stone giant
  3830 | D        | Noticed a fire dragon
  3830 | D        | Noticed a stone giant
  3830 | D        | Noticed a fire giant
  3830 | D        | Noticed a lich
  3841 | D        | Killed a lich
  3844 | D        | Killed a fire giant
  3845 | D        | Reached skill level 5 in Evocations
  3846 | D        | Noticed an ettin
  3850 | D        | Killed a stone giant
  3852 | D        | Noticed a stone giant
  3866 | D        | Killed a fire dragon
  3875 | D        | Killed a stone giant
  3880 | D        | HP: 4/154 [ice dragon (10)]
  3881 | D        | Killed from afar by an ice dragon

Illustrated notes

Levels and vault maps discovered:
D:        linesprint [early_d, line_temple, items_1, d_10, items_2, lair_1,
          lair_end, items_3, orc_1, orc_end, items_4, d_15, swamp_1, shoals_1,
          snake_1, spider_1, d_20, vaults_1, items_5, swamp_end, shoals_end,
          snake_end, spider_end, vaults_end, d_27, items_6, zot_1, zot_end,
          crypt_end, forest_end, elf_end, slime_end, tomb_end, abyss_end,
          pan_hell_end]

Skill      XL: |  1  2  3  4  5  6  7  8  9 10 11 12 13 |
---------------+----------------------------------------+-----
Polearms       | 7 9 10 12 15 16 19 21 24 27 | 27.0
Fighting       | 6 7 8 9 11 12 14 16 18 21 25 | 25.0
Armour         | 6 7 8 9 11 12 14 16 18 21 24 | 24.1
Invocations    | 9 |  9.3
Evocations     | 5 |  5.9
Shields        | |  3.6

Action                     |  1- 3 |  4- 6 |  7- 9 | 10-12 | 13-15 || total
---------------------------+-------+-------+-------+-------+-------++-------
  Melee: Trident           |    17 |    11 |       |       |       ||    28
         Headbutt          |     2 |     4 |    18 |    82 |    46 ||   152
         Halberd           |       |     5 |    70 |   306 |   159 ||   540
    Use: Potion            |     2 |       |       |    17 |     4 ||    23
         Scroll            |       |       |       |     6 |     1 ||     7
 Armour: Scale mail        |    14 |       |       |       |       ||    14
         Plate armour      |       |     5 |    37 |   171 |   108 ||   321
  Dodge: Dodged            |    11 |     2 |    15 |    50 |    50 ||   128
  Block: Buckler           |     4 |       |       |       |       ||     4
